AoeStats
← 牛油果

Nomad

509619808Analyzed
3v3 RM · 4d ago on Sep 27, 2026· 40m 16s· 6 players
Game mode
Random Map
Map size
210×210
Population
200
Speed
Normal
Resources
Standard
Victory
Conquest
Starting age
Dark Age
Ending age
Imperial Age
RankedLock teamsTeams togetherTeam positionsShared explorationLock speedFull tech treeHidden civsTurbo modeCheats
Victory
Defeat
🇭🇰 Malians · Hong Kong SAR China
1588
+12
🇭🇰 Tatars · Hong Kong SAR China
1538
+14
🇭🇰 Italians · Hong Kong SAR China
1499
+16
🇫🇷 Wu · France
1502
-14
🇨🇳 Saracens · China
1493
-14
🇨🇳 Japanese · China
1486
-14
omardaf56
12:17 Loom
14:35 Feudal Age
15:11 Double-Bit Axe
15:51 Fishing Lines
16:54 Forging
19:42 Castle Age
17:59 Gold Mining
19:13 Scale Mail Armor
20:53 Medium Warships
21:22 Iron Casting
21:03 Chain Mail Armor
21:00 Squires
21:27 Bow Saw
23:03 Pikeman
24:10 Gillnets
26:11 Arson
27:45 Wheelbarrow
26:56 Town Watch
29:52 Horse Collar
ahjol
4:48 Loom
14:02 Feudal Age
15:31 Town Watch
19:41 Castle Age
18:34 Double-Bit Axe
18:52 Fletching
19:30 Fishing Lines
21:58 Medium Warships
22:13 Bow Saw
25:16 Elite Skirmisher
33:11 Imperial Age
30:44 Horse Collar
31:21 Padded Archer Armor
32:14 Ballistics
32:38 Leather Archer Armor
32:38 Gold Mining
36:30 Conscription
38:11 Ring Archer Armor
usqyn
5:09 Loom
16:06 Feudal Age
16:34 Double-Bit Axe
16:41 Town Watch
16:49 Fishing Lines
21:07 Castle Age
19:21 Fletching
19:32 Padded Archer Armor
20:45 Bloodlines
21:41 Stone Mining
21:49 Bodkin Arrow
21:58 Gillnets
23:14 Gold Mining
23:48 Medium Warships
25:34 Bow Saw
26:05 Gold Shaft Mining
26:01 Forging
25:51 Scale Mail Armor
27:17 Wheelbarrow
27:06 Horse Collar
27:49 Leather Archer Armor
27:48 Thumb Ring
31:06 Hand Cart
35:10 Imperial Age
34:01 Ballistics
35:16 Heavy Cavalry Archer
37:31 Conscription
37:41 Parthian Tactics
38:32 Bracer
40:28 Ring Archer Armor
羅敏莊
4:46 Loom
14:47 Feudal Age
19:48 Castle Age
22:24 Fletching
22:46 Double-Bit Axe
22:45 Fishing Lines
23:43 Bodkin Arrow
23:49 Padded Archer Armor
24:08 Husbandry
24:19 Bloodlines
24:59 Gold Mining
25:48 Bow Saw
26:31 Ballistics
牛油果
5:01 Loom
15:38 Feudal Age
19:30 Castle Age
17:38 Double-Bit Axe
17:34 Fishing Lines
18:07 Gold Mining
19:10 Forging
20:20 Medium Warships
20:25 Bow Saw
23:46 Wheelbarrow
25:39 Clinker Construction
26:43 Iron Casting
28:10 Hand Cart
28:34 Horse Collar
33:17 Imperial Age
30:51 Scale Mail Armor
31:10 Squires
30:56 Arson
32:25 Chain Mail Armor
34:32 Plate Mail Armor
34:05 Heavy Plow
34:41 Gold Shaft Mining
33:56 Stone Mining
38:14 Crop Rotation
馬仔
3:31 Loom
14:45 Feudal Age
16:24 Double-Bit Axe
17:07 Gold Mining
19:38 Castle Age
20:01 Wheelbarrow
20:27 Fletching
21:30 Bodkin Arrow
22:10 Horse Collar
33:27 Imperial Age
31:55 Ballistics
33:02 Hand Cart
33:00 Bow Saw
32:52 Padded Archer Armor
34:00 Leather Archer Armor
33:44 Town Watch
34:31 Conscription
34:56 Block Printing
36:07 Chemistry
35:49 Masonry
36:18 Hoardings
36:37 Bracer
37:31 Architecture
38:49 Elite Genoese Crossbowman
40:03 Ring Archer Armor
Connection lost

Rejoining the realm…

Still unreachable

The connection could not be restored.

Session expired

The server has moved on; the page needs a fresh start.